 Dungeon Crawl Stone Soup version 0.30-a0-808-g6e0788376e (webtiles) character file.

Game seed: 12613454697418686270

73 cforsyth the Sneak (level 4, 0/28 HPs)
             Began as a Kobold Brigand on Feb 25, 2023.
             Slain by a gnoll
             ... wielding a +0 halberd
              (14 damage)
             ... on level 2 of the Dungeon.
             The game lasted 00:01:42 (1667 turns).

cforsyth the Sneak (Kobold Brigand)                 Turns: 1667, Time: 00:01:43

Health: 0/28       AC:  3    Str:  8    XL:     4   Next: 51%
Magic:  4/4        EV: 15    Int: 12    God:
Gold:   119        SH:  0    Dex: 18    Spells: 3/3 levels left

rFire   . . .      SeeInvis .    a - +2 dagger
rCold   . . .      Faith    .    (no shield)
rNeg    . . .      Spirit   .    b - +0 robe
rPois   .          Reflect  .    (no helmet)
rElec   .          Harm     .    c - +0 cloak
rCorr   .          Rampage  .    (no gloves)
Will    .....                    (no boots)
Stlth   ++++                     (no amulet)
HPRegen 0.24/turn                (no ring)
MPRegen 0.09/turn                (no ring)

@: no status effects
A: small, no large weapons, nightstalker 3
a: no special abilities


You were on level 2 of the Dungeon.
You visited 1 branch of the dungeon, and saw 2 of its levels.

You collected 119 gold pieces.

Inventory:

Hand Weapons
 a - a +2 dagger (weapon)
Missiles
 d - 9 poisoned darts (quivered)
 e - 7 curare-tipped darts
Armour
 b - a +0 robe (worn)
 c - a +0 cloak (worn)
Jewellery
 f - a ring of see invisible
Scrolls
 g - a scroll of teleportation {unknown}
 h - 3 scrolls of identify {unknown}
 j - a scroll of magic mapping {unknown}
 k - a scroll of poison {unknown}
Potions
 i - a potion of attraction {unknown}


   Skills:
 + Level 3.0 Fighting
 + Level 3.6 Short Blades
 - Level 2.1 Throwing
 + Level 2.5 Dodging
 + Level 6.1 Stealth


You had 3 spell levels left.
You didn't know any spells.
Your spell library was empty.

Dungeon Overview and Level Annotations

Branches:
Dungeon (2/15)

Altars:


Innate Abilities, Weirdness & Mutations

You are small and have problems with some larger weapons.
You are completely attuned to the shadows.


Message History

No target in view!
No target in view!
No target in view!
Things that are here:
a +0 dagger; a goblin corpse An adder comes into view.
An endoplasm comes into view.
The helpless adder fails to defend itself.
You impale the adder!!
You kill the adder!
You see here an adder corpse.
The helpless endoplasm fails to defend itself.
You skewer the endoplasm like a kebab!!!
You kill the endoplasm!
No target in view!
No target in view!
No target in view!
No target in view!
No target in view!
You see here 7 stones.
d - 5 poisoned darts (gained 1)
d - 6 poisoned darts (gained 1)
d - 9 poisoned darts (gained 3)
Things that are here:
a +0 flail; a gnoll skeleton You see here 6 stones.
There is a stone staircase leading up here.
A gnoll is nearby!
You closely miss the gnoll.
The gnoll shouts! x2
The gnoll hits you with a +0 halberd!
Ouch! That really hurt!
You are too injured to fight recklessly!
You are too injured to fight recklessly!
You are too injured to fight recklessly!
You are too injured to fight recklessly!
You are too injured to fight recklessly!
The gnoll hits you with a +0 halberd!
Ouch! That really hurt!
You die...

#.##........####
#.##.#.........# ###
#.##...####.##.########..
##......# #.##...........
##...##..# #........####..
####..<..#..####..#####.# ###
#........#...........##.######
#.##..#.......g.g....##.#...†.
#.###...##...@....##..#....###
##.####.##...####.###.#.....#
#.......#.#.#.###....###....#
###..###............###.#..####
.......#..#.#.#.###.#
#..#.######
.................##.#
#..#.<.....
.......#..##...#.##.#
#..########
.......#..#......##.###..#
...###.#.................#


You could see 2 gnolls.

Vanquished Creatures
  A gnoll (D:2)
  2 adders (D:2)
  A worm (D:2)
  4 ball pythons
  7 bats
  4 endoplasms
  2 giant cockroaches
  4 goblins
  4 hobgoblins
  2 jackals (D:1)
  2 quokkas
  A frilled lizard (D:2)
  2 kobolds (D:1)
  4 rats
40 creatures vanquished.

Vanquished Creatures (others)
  4 fungi (D:2)
  4 plants (D:2)
8 creatures vanquished.

Grand Total: 48 creatures vanquished

Notes
Turn   | Place    | Note
-------+----------+-------------------------------------------
     0 | D:1      | cforsyth the Kobold Brigand began the quest for the Orb.
     0 | D:1      | Reached XP level 1. HP: 12/12 MP: 1/1
   316 | D:1      | Reached XP level 2. HP: 18/18 MP: 2/2
   544 | D:1      | Reached XP level 3. HP: 21/22 MP: 3/3
   841 | D:2      | Found a faded altar of an unknown god.
  1168 | D:2      | Reached XP level 4. HP: 27/27 MP: 4/4
  1180 | D:2      | Reached skill level 6 in Stealth
  1667 | D:2      | Slain by a gnoll

Illustrated notes

Levels and vault maps discovered:
D:1:      tarquinn_simple_flora_water_d, layout_loops_ring,
          minmay_split_cup_small
D:2:      layout_loops_ring, dreamdust_ecumenical_altar_grove

Skill      XL: |  1  2  3  4 |
---------------+-------------+-----
Short Blades   | 3 |  3.6
Dodging        | 2 |  2.5
Stealth        | 6 |  6.1
Fighting       | 3 |  3.0
Throwing       | |  2.1

Action                     |  1- 3 |  4- 6 || total
---------------------------+-------+-------++-------
  Melee: Dagger            |    95 |    11 ||   106
  Throw: Dart              |       |     5 ||     5
    Use: Potion            |       |     1 ||     1
   Stab: Sleeping          |    17 |     4 ||    21
 Armour: Robe              |    12 |     1 ||    13
  Dodge: Dodged            |    72 |    10 ||    82

Table legend: (Time is in decaauts)
 A = Elapsed time spent in this place.
 B = Non-inter-level travel time spent in this place.
 C = Inter-level travel time spent in this place.
 D = Time resting spent in this place.
 E = Time spent auto-exploring this place.
 F = Levels seen in this place.
 G = Mean time per level.
                   A        B        C        D        E       F      G
               +--------+--------+--------+--------+--------+-----+--------+
         Total |   1631 |   1629 |      2 |    168 |   1193 |   2 |  815.5 |
       Dungeon |   1631 |   1629 |      2 |    168 |   1193 |   2 |  815.5 |
               +--------+--------+--------+--------+--------+-----+--------+

Top non-repeatable levels by time:
     D:2: 862 daAuts
     D:1: 769 daAuts
